 Dungeon Crawl Stone Soup version 0.27-a0-1119-gbf574a6a6b (webtiles) character file.

Game seed: 3859612799676723687

242 Zeld the Chucker (level 6, -11/42 HPs)
             Began as an Octopode Fighter on May 2, 2021.
             Mangled by an ogre
             ... wielding a +0 giant spiked club
              (32 damage)
             ... on level 4 of the Dungeon.
             The game lasted 00:04:28 (2724 turns).

Zeld the Chucker (Octopode Fighter)                 Turns: 2724, Time: 00:04:29

Health: -11/42     AC:  5    Str: 17    XL:     6   Next: 9%
Magic:  6/6        EV: 11    Int: 10    God:
Gold:   68         SH:  9    Dex: 12    Spells: 5/5 levels left

rFire    . . .     SeeInvis .   a - +0 war axe
rCold    . . .     Faith    .   b - +0 kite shield
rNeg     . . .     Spirit   .   (helmet restricted)
rPois    .         Reflect  .   e - amulet of the acrobat
rElec    .         Harm     .   f - +4 ring of protection
rCorr    .         Rampage  .   (no ring)
Will     .....                  (no ring)
Stlth    ++........             (no ring)
HPRegen  0.14/turn              (no ring)
MPRegen  0.10/turn              (no ring)
                                (no ring)
                                (no ring)

@: no status effects
A: almost no armour, amphibious, 8 rings, camouflage 1, gelatinous body 1,
(nimble swimmer 1), tentacles
a: no special abilities


You were on level 4 of the Dungeon.
You visited 1 branch of the dungeon, and saw 4 of its levels.
You also visited: Sewer.

You collected 98 gold pieces.
You spent 30 gold pieces at shops.

Inventory:

Hand Weapons
 a - a +0 war axe (weapon)
Missiles
 l - 8 boomerangs
 m - 18 poisoned darts (quivered)
Armour
 b - a +0 kite shield (worn)
Jewellery
 e - an amulet of the acrobat (around mantle)
 f - a +4 ring of protection (left tentacle)
Wands
 d - a wand of charming (3)
Scrolls
 g - 3 scrolls of blinking {unknown}
 h - 3 scrolls of identify {unknown}
 i - 2 scrolls of noise {unknown}
 j - a scroll of vulnerability {unknown}
 n - a scroll of fear {unknown}
Potions
 c - 3 potions of heal wounds {unknown}
 k - 2 potions of cancellation {unknown}


   Skills:
 - Level 3.6 Fighting
 - Level 2.8 Axes
 * Level 4.3 Throwing
 - Level 3.0 Dodging
 - Level 3.6 Shields


You had 5 spell levels left.
You didn't know any spells.
Your spell library was empty.

Dungeon Overview and Level Annotations

Branches:
Dungeon (4/15)              Sewer (visited)
 Temple: D:4-7

Altars:

Shops:
D:2 ![?[(

Annotations:
D:3 Sigmund, Terence


Innate Abilities, Weirdness & Mutations

You cannot wear most types of armour.
You are amphibious.
You can wear up to eight rings at the same time.
Your skin changes colour to match your surroundings (Stealth+).
Your rubbery body absorbs attacks. (AC +1, EV +1)
((You are camouflaged near water. (Stealth+)))
You have tentacles for arms and can constrict up to eight enemies at once.


Message History

There is an open door here.
You see here a +0 dagger.
No target in view!
n - a scroll labelled WEXTOA BIGRES Done exploring.
Done exploring.
Done exploring.
No target in view!
No target in view!
No target in view!
Done exploring.
There is an open door here.
You see here a +0 dagger.
There is an empty arch of ancient stone here.
There is a gate leading back out of this place here.
Welcome back to the Dungeon!
The ogre hits you with a +0 giant spiked club!
There is a collapsed entrance, spattered with blood here.
Found a stone staircase leading down.
Okay, then.
Okay, then.
Okay, then.
The ogre misses you.
Okay, then.
Throw: 19 darts (poison)
Press: ? - help, Q - select action, (/) - cycle Shift-Dir - straight line, f - ogre
Aim: an ogre, wielding a +0 giant spiked club (74% to hit)
You throw a poisoned dart. The poisoned dart hits the ogre!
The ogre is poisoned.
You slash the ogre! You squeeze the ogre!
The ogre is severely wounded.
The ogre hits you with a +0 giant spiked club!
You are too injured to fight recklessly!
You are too injured to fight recklessly!
You hit the ogre.
The ogre is severely wounded.
The ogre misses you.
The ogre hits you with a +0 giant spiked club!!
Ouch! That really hurt!
You die...

≈≈.....≈≈.###.# #.# #>.......
##≈≈≈≈≈##.....### #.# #.......#
##≈≈≈≈≈##.......####.######...###
......$...#####...............#
##.#.#.##$# ######.##########
##.#...##># #.# ...###.##.# #.#
#......##.##########.#######
.#### #. #....@O(........# .#
#.##.#######.#####.# .#
#...#######.# #.# #.##.........#
..# #.######### .## #.#
.###########.# .............#
##############


You could see an ogre (very poisoned).

Vanquished Creatures
  Purgy (Sewer)
  2 orc priests (D:3)
  2 adders
  A shadow imp (D:3)
  A worm (D:2)
  2 dart slugs
  2 orcs (D:3)
  5 endoplasms
  6 goblins
  3 hobgoblins
  8 kobolds
  2 quokkas
  5 ball pythons
  5 bats
  5 frilled lizards
  5 rats
55 creatures vanquished.

Notes
Turn   | Place    | Note
-------+----------+-------------------------------------------
     0 | D:1      | Zeld the Octopode Fighter began the quest for the Orb.
     0 | D:1      | Reached XP level 1. HP: 16/16 MP: 1/1
   374 | D:1      | Reached XP level 2. HP: 21/21 MP: 2/2
   455 | D:1      | Found a faded altar of an unknown god.
   823 | D:2      | Found Kiho's Antique Armour Shop.
   831 | D:2      | Found Feneo's Weapon Shoppe.
   883 | D:2      | Found Tuthevah's Antique Armour Shoppe.
   886 | D:2      | Reached XP level 3. HP: 19/26 MP: 3/3
  1295 | D:2      | Found Tihoaje's Distillery.
  1322 | D:2      | Bought a potion of curing for 30 gold pieces
  1499 | D:2      | Found Gesul's Magic Scroll Shop.
  1827 | D:3      | Reached XP level 4. HP: 32/32 MP: 4/4
  1840 | D:3      | Noticed Sigmund
  1929 | D:3      | Reached skill level 1 in Throwing
  1985 | D:3      | Reached skill level 2 in Throwing
  1988 | D:3      | Reached XP level 5. HP: 7/36 MP: 5/5
  2250 | D:3      | Noticed Terence
  2470 | D:4      | Reached skill level 3 in Throwing
  2549 | D:4      | Found a glowing drain.
  2557 | D:4      | Noticed an ogre
  2566 | Sewer    | Entered a sewer
  2604 | Sewer    | Noticed Purgy
  2609 | Sewer    | Killed Purgy
  2610 | Sewer    | Reached skill level 4 in Throwing
  2610 | Sewer    | Reached XP level 6. HP: 42/42 MP: 6/6
  2724 | D:4      | Mangled by an ogre

Illustrated notes

Levels and vault maps discovered:
D:1:      onia_arrival_pyramid, layout_basic,
          hellmonk_ecumenical_altar_pennies_from_heaven
D:2:      layout_basic, serial_shops, nicolae_shop_window_shopping, shop, shop,
          shop_statue, shop, st_stairs_13, grunt_ministairs_12
D:3:      layout_basic, overflow_temple_1_default, gammafunk_ghost_split,
          uniq_terence, uniq_sigmund
D:4:      layout_loops_ring, nemelex_xobeh_ov_fountains_minmay,
          lemuel_tele_altar, cheibrodos_sewer_entry_sluice

Skill      XL: |  1  2  3  4  5 |
---------------+----------------+-----
Throwing       | 2 4 |  4.3
Fighting       | |  3.6
Axes           | |  2.8
Dodging        | |  3.0
Shields        | |  3.6

Action                   |  1- 3 |  4- 6 || total
-------------------------+-------+-------++-------
Melee: War axe           |    63 |    44 ||   107
       Tentacles         |    10 |     7 ||    17
       Constrict         |    13 |    13 ||    26
Throw: Dart              |       |     1 ||     1
  Use: Potion            |       |     4 ||     4
 Stab: Sleeping          |     9 |     7 ||    16
Armor: Skin              |    11 |     8 ||    19
Dodge: Dodged            |    39 |    30 ||    69
Block: Kite shield       |    31 |    15 ||    46

Table legend: (Time is in decaauts)
 A = Elapsed time spent in this place.
 B = Non-inter-level travel time spent in this place.
 C = Inter-level travel time spent in this place.
 D = Time resting spent in this place.
 E = Time spent auto-exploring this place.
 F = Levels seen in this place.
 G = Mean time per level.
                   A        B        C        D        E       F      G
               +--------+--------+--------+--------+--------+-----+--------+
         Total |   2786 |   2747 |     39 |    261 |   1890 |   5 |  557.2 |
       Dungeon |   2649 |   2610 |     39 |    261 |   1799 |   4 |  662.2 |
         Sewer |    137 |    137 |      0 |      0 |     91 |   1 |  137.0 |
               +--------+--------+--------+--------+--------+-----+--------+

Top non-repeatable levels by time:
     D:2: 920 daAuts
     D:1: 816 daAuts
     D:3: 615 daAuts
     D:4: 297 daAuts
   Sewer: 137 daAuts
